 Dungeon Crawl Stone Soup version 0.24-a0-264-gf46a388 (webtiles) character file.

Game seed: 18390558335043581343

1747 Hasart the Slicer (level 9, -12/54 HPs)
             Began as a Kobold Gladiator on Apr 20, 2019.
             Was a Believer of Wu Jian.
             Shot with a sling bullet by Joseph (17 damage)
             ... on level 7 of the Dungeon.
             The game lasted 00:14:02 (7262 turns).

Hasart the Slicer (Kobold Gladiator)                Turns: 7262, Time: 00:14:02

Health: -12/54     AC:  5    Str: 14    XL:     9   Next: 26%
Magic:  11/11      EV: 18    Int:  9    God:    Wu Jian [**....]
Gold:   327        SH:  0    Dex: 17    Spells: 8/8 levels left

rFire    . . .     SeeInvis .   u - +1 short sword (speed)
rCold    . . .     Gourm    .   (shield restricted)
rNeg     . . .     Faith    .   b - +0 leather armour
rPois    .         Spirit   .   c - +0 helmet
rElec    .         Reflect  .   (no cloak)
rCorr    +         Harm     .   (no gloves)
MR       .....                  t - +0 pair of boots
Stlth    +.........             (no amulet)
HPRegen  0.18/turn              (no ring)
MPRegen  0.12/turn              j - ring of resist corrosion

@: confused
A: small, carnivore
a: Wall Jump, Renounce Religion


You were on level 7 of the Dungeon.
You worshipped Wu Jian.
Wu Jian was pleased with you.
You were very full.

You visited 1 branch of the dungeon, and saw 7 of its levels.
You also visited: Sewer.

You collected 327 gold pieces.

Inventory:

Hand Weapons
 a - a +0 rapier
 u - a +1 short sword of speed (weapon)
Missiles
 d - 3 throwing nets (quivered)
Armour
 b - a +0 leather armour (worn)
 c - a +0 helmet (worn)
 t - a +0 pair of boots (worn)
Jewellery
 g - an uncursed ring of fire
 j - a ring of resist corrosion (right hand)
Wands
 p - a wand of acid (12)
 A - a wand of flame (12)
 D - a wand of paralysis (6)
Scrolls
 h - 5 scrolls of fear {unknown}
 i - a scroll of noise {unknown}
 k - 7 scrolls of identify {unknown}
 n - 7 scrolls of remove curse {unknown}
 o - 5 scrolls of teleportation {unknown}
 q - 2 scrolls of enchant weapon {unknown}
 r - a scroll of random uselessness {unknown}
 s - 2 scrolls of blinking {unknown}
 x - a scroll of magic mapping {unknown}
 y - 3 scrolls of enchant armour {unknown}
 E - a scroll of acquirement {unknown}
Potions
 e - a potion of degeneration
 l - 3 potions of curing
 m - 2 potions of agility {unknown}
 v - a potion of heal wounds {unknown}
 w - 2 potions of might {unknown}
 z - a potion of brilliance {unknown}
 B - 2 potions of haste {unknown}
 C - a potion of ambrosia {unknown}
Comestibles
 f - 16 rations


   Skills:
 + Level 5.2 Fighting
 * Level 9.2 Short Blades
 - Level 2.1 Throwing
 + Level 3.3 Armour
 + Level 6.3 Dodging
 + Level 6.2 Stealth
 + Level 3.6 Evocations


You had 8 spell levels left.
You didn't know any spells.
Your spell library contained the following spells:

 Spells                   Type           Power        Failure   Level  Hunger
 Beastly Appendage        Tmut           #.....       45%         1    ##.....
 Sticks to Snakes         Tmut           #.......     58%         2    ###....
 Spider Form              Tmut/Pois      #.........   83%         3    ####...
 Ice Form                 Ice/Tmut       #.......     99%         4    #####..
 Blade Hands              Tmut           #.........   100%        5    ######.


Dungeon Overview and Level Annotations

Branches:
Dungeon (7/15)             Temple (0/1) D:4

Altars:
Cheibriados
Elyvilon
Fedhas
Hepliaklqana
Sif Muna
Uskayaw
Wu Jian
Yredelemnul
Zin
The Shining One

Annotations:
D:4 3 runed translucent doors, Calas's ghost, novice HOMo
D:7 Joseph


Innate Abilities, Weirdness & Mutations

You are small and have problems with some larger weapons.
You are carnivorous and can eat meat at any time.


Message History

Evoke which item? (* to show all) (? for menu, Esc to quit)
Aiming: Paralyse
Press: ? - help, Shift-Dir - straight line, f/p - Joseph
Aim: Joseph, wielding a +0 hunting sling, wearing a +0 leather armour and carrying a wand of enslavement (9) (lightly wounded, chance to defeat MR: 38%) Joseph resists with some effort.
Joseph zaps a wand.
You easily resist.
Evoke which item? (* to show all) (? for menu, Esc to quit)
Aiming: Paralyse
Press: ? - help, Shift-Dir - straight line, f/p - Joseph
Aim: Joseph, wielding a +0 hunting sling, wearing a +0 leather armour and carrying a wand of enslavement (8) (lightly wounded, chance to defeat MR: 38%) Joseph resists with some effort.
Joseph zaps a wand.
Your will is overpowered!
You are confused.
Evoke which item? (* to show all) (? for menu, Esc to quit)
You're too confused!
You bump into the rock wall.
Joseph shoots a sling bullet.
The sling bullet hits you!!
* * * LOW HITPOINT WARNING * * *
You bump into the rock wall.
Joseph tries to grin evilly.
Joseph shoots a sling bullet.
The sling bullet hits you!
You die...

#..# #o.# #..# #..#
#..# #..# #.######..#
#...@.@..(#
#########.# #.# #.#
#.# #.# #.#
###################.#
....................#


You could see Joseph.

Vanquished Creatures
  A spriggan (D:7)
  A black bear (D:7)
  A sky beast (D:6)
  An ogre (D:6)
  A centaur (D:6)
  4 bullfrogs
  2 scorpions
  A howler monkey (D:5)
  A bullfrog zombie (D:6)
  3 crimson imps
  A quasit (D:6)
  A hound (D:5)
  3 orc wizards (D:4)
  2 jellies (D:6)
  A gnoll shaman (D:6)
  An orc priest (D:6)
  2 iguanas (D:4)
  A centaur skeleton (D:6)
  6 worker ants
  A hound zombie (D:7)
  3 gnolls
  A howler monkey skeleton (D:4)
  7 adders
  A shadow imp (D:6)
  An ooze (D:7)
  5 worms
  A dart slug (D:1)
  A leopard gecko (D:2)
  12 orcs
  6 ball pythons
  4 bats
  7 giant cockroaches
  2 gnoll zombies (D:6)
  8 goblins
  3 hobgoblins
  9 jackals
  2 quokkas
  3 frilled lizards
  A jackal zombie (D:7)
  15 kobolds
  A leopard gecko zombie (D:6)
  An orc zombie (D:7)
  5 rats
134 creatures vanquished.

Vanquished Creatures (others)
  A worker ant (D:4)
1 creature vanquished.

Grand Total: 135 creatures vanquished

Notes
Turn   | Place    | Note
-------+----------+-------------------------------------------
     0 | D:1      | Hasart the Kobold Gladiator began the quest for the Orb.
     0 | D:1      | Reached XP level 1. HP: 12/12 MP: 1/1
   102 | D:1      | Reached XP level 2. HP: 15/17 MP: 2/2
   154 | D:1      | Reached skill level 1 in Stealth
   261 | D:1      | Reached XP level 3. HP: 22/22 MP: 3/3
  1214 | D:2      | Found an ornate altar of the Wu Jian Council.
  1326 | D:2      | Reached XP level 4. HP: 27/27 MP: 4/4
  1338 | D:2      | Reached skill level 5 in Short Blades
  1587 | D:3      | Reached skill level 1 in Armour
  1799 | D:2      | Became a worshipper of the Wu Jian Council
  1985 | D:3      | Reached XP level 5. HP: 8/32 MP: 5/5
  2601 | D:4      | You fall through a shaft for 3 floors!
  2655 | D:7      | Found a glowing golden altar of the Shining One.
  2697 | D:6      | Reached XP level 6. HP: 37/37 MP: 6/6
  2815 | D:5      | Entered Level 5 of the Dungeon
  2845 | D:5      | Reached skill level 6 in Short Blades
  2991 | D:5      | Reached XP level 7. HP: 40/41 MP: 7/7
  3036 | D:5      | Found a white marble altar of Elyvilon.
  3062 | D:5      | Found a hide-covered altar of Uskayaw.
  3119 | D:5      | Found a glowing drain.
  3154 | Sewer    | Entered a sewer
  3410 | Sewer    | Reached * piety under Wu Jian
  4287 | D:4      | Reached skill level 5 in Dodging
  4458 | D:4      | Reached skill level 7 in Short Blades
  4465 | D:4      | Reached skill level 1 in Evocations
  4471 | D:4      | Found a runed translucent gate.
  4471 | D:4      | Found a runed translucent gate.
  4493 | D:4      | Noticed Calas's ghost (novice HOMo)
  4524 | D:4      | Found a runed translucent gate.
  4638 | D:4      | Found a staircase to the Ecumenical Temple.
  4796 | D:4      | HP: 2/43 [poisoned by a scorpion]
  5328 | D:6      | Found a deep blue altar of Sif Muna.
  5359 | D:6      | Found a snail-covered altar of Cheibriados.
  5387 | D:6      | Reached XP level 8. HP: 37/48 MP: 9/9
  5685 | D:6      | Reached skill level 5 in Stealth
  5712 | D:6      | Reached skill level 8 in Short Blades
  6244 | D:6      | Found a basalt altar of Yredelemnul.
  6750 | D:7      | Reached XP level 9. HP: 41/53 MP: 11/11
  6880 | D:7      | Reached skill level 5 in Fighting
  6900 | D:7      | Found a glowing silver altar of Zin.
  6903 | D:7      | Found a hazy altar of Hepliaklqana.
  6905 | D:7      | Found a blossoming altar of Fedhas.
  6961 | D:7      | Reached skill level 9 in Short Blades
  7025 | D:7      | Got a steaming leather armour
  7036 | D:7      | Identified the +0 leather armour of Fallacy {MR+ Str+2
                  | Dex-3} (You found it on level 7 of the Dungeon)
  7199 | D:7      | Reached ** piety under Wu Jian
  7241 | D:7      | Noticed Joseph
  7262 | D:7      | Shot with a sling bullet by Joseph

Levels and vault maps discovered:
D:1:      nicolae_arrival_washed_ashore, layout_basic, serial_bayou_pond_c
D:2:      kennysheep_big_flooded_room, layout_basic,
          nicolae_overflow_hidden_temple, first_ration
D:3:      layout_basic
D:4:      layout_basic, lemuel_temple_firewalk_b, gammafunk_ghost_icy,
          serial_bayou_pond_d
D:5:      layout_rooms, kennysheep_little_box, elyvilon_altar_4,
          cheibrodos_sewer_entry_bend, hex_large
D:6:      layout_loops_cross, lemuel_zombie_altar_yredelemnul,
          cheibriados_altar_1, basic_altar
D:7:      layout_basic, nicolae_tso_besieged_by_evil,
          grunt_temple_overflow_open, the_bakery, uniq_joseph
Sewer:    sewer_co_scattered_pipes

Skill      XL: |  1  2  3  4  5  6  7  8  9 |
---------------+----------------------------+-----
Stealth        | 1 2 3 4 5 6 |  6.2
Dodging        | 4 5 6 |  6.3
Short Blades   | 5 6 7 8 9 |  9.2
Armour         | 1 2 3 |  3.3
Fighting       | 3 4 5 |  5.2
Evocations     | 1 3 |  3.6
Throwing       | |  2.1

Action                   |  1- 3 |  4- 6 |  7- 9 || total
-------------------------+-------+-------+-------++-------
Melee: Rapier            |    96 |   134 |    54 ||   284
       Short sword       |       |       |   518 ||   518
Invok: Lunge             |       |     8 |    39 ||    47
       Whirlwind         |       |       |    75 ||    75
Evoke: Wand              |       |       |     9 ||     9
  Use: Potion            |       |     3 |       ||     3
 Stab: Sleeping          |     2 |     4 |     8 ||    14
       Distracted        |       |       |     1 ||     1
  Eat: Chunk             |    10 |     3 |    16 ||    29
Armor: Leather armour    |    23 |    10 |    65 ||    98
Dodge: Dodged            |    98 |    94 |   249 ||   441

Table legend:
 A = Non-vault XP
 B = Vault XP
 C = Vault XP percentage of total XP
 D = Non-vault monster count
 E = Vault monster count
 F = Vault count percentage of total count
                 A         B        C        D         E       F
            +---------+---------+-------+---------+---------+-------
      Total |    2206 |     291 |  11.7 |     108 |      26 |  19.4
            +---------+---------+-------+---------+---------+-------
        D:1 |      37 |       0 |   0.0 |      22 |       0 |   0.0
        D:2 |      44 |       8 |  15.4 |      12 |       2 |  14.3
        D:3 |      83 |       0 |   0.0 |      20 |       0 |   0.0
        D:4 |     352 |       0 |   0.0 |      16 |       0 |   0.0
        D:5 |     228 |      10 |   4.2 |       4 |       2 |  33.3
        D:6 |     955 |       4 |   0.4 |      20 |       2 |   9.1
        D:7 |     507 |     221 |  30.4 |      14 |       2 |  12.5
      Sewer |       0 |      48 | 100.0 |       0 |      18 | 100.0
            +---------+---------+-------+---------+---------+-------
